 Dungeon Crawl Stone Soup version 0.29-a0-384-g6960b1960d (webtiles) character file.

Game seed: 2498225194651778651

28 runemasterragnar the Shield-Bearer (level 3, -1/26 HPs)
             Began as an Octopode Fighter on May 7, 2022.
             Slain by Terence
             ... wielding a +4 vorpal flail
              (4 damage)
             ... on level 2 of the Dungeon.
             The game lasted 00:00:58 (1183 turns).

runemasterragnar the Shield-Bearer (OpFi)           Turns: 1183, Time: 00:00:58

Health: -1/26      AC:  1    Str: 15    XL:     3   Next: 14%
Magic:  3/3        EV: 13    Int: 12    God:
Gold:   64         SH:  4    Dex: 11    Spells: 2/2 levels left

rFire   . . .      SeeInvis .   a - +0 long sword
rCold   . . .      Faith    .   b - +0 buckler
rNeg    . . .      Spirit   .   (helmet restricted)
rPois   .          Reflect  .   (no amulet)
rElec   .          Harm     .   (no ring)
rCorr   .          Rampage  .   (no ring)
Will    .....                   (no ring)
Stlth   ++........              (no ring)
HPRegen 0.08/turn               (no ring)
MPRegen 0.08/turn               (no ring)
                                (no ring)
                                (no ring)

@: no status effects
A: almost no armour, amphibious, 8 rings, camouflage 1, gelatinous body 1,
(nimble swimmer 1), tentacles
a: no special abilities


You were on level 2 of the Dungeon.
You visited 1 branch of the dungeon, and saw 2 of its levels.

You collected 64 gold pieces.

Inventory:

Hand Weapons
 a - a +0 long sword (weapon)
Armour
 b - a +0 buckler (worn)
Scrolls
 d - a scroll of immolation {unknown}
 f - a scroll of fear {unknown}
Potions
 c - a potion of might
 e - a potion of attraction {unknown}
 g - a potion of haste {unknown}
 h - a potion of curing {unknown}


   Skills:
 + Level 3.2 Fighting
 * Level 2.6 Long Blades
 + Level 3.1 Dodging
 + Level 1.0 Stealth
 + Level 3.2 Shields
 + Level 0.5 Unarmed Combat


You had 2 spell levels left.
You didn't know any spells.
Your spell library contained the following spells:

 Spells                   Type           Power      Damage    Failure   Level
 Foxfire                  Conj/Fire      0%         2x1d4     41%         1
 Conjure Flame            Conj/Fire      0%         6-21      78%         3
 Inner Flame              Hex/Fire       0%         N/A       78%         3
 Flame Wave               Conj/Fire      0%         2d4       99%         4


Dungeon Overview and Level Annotations

Branches:
Dungeon (2/15)

Altars:

Annotations:
D:2 Terence


Innate Abilities, Weirdness & Mutations

You cannot wear most types of armour.
You are amphibious.
You can wear up to eight rings at the same time.
Your skin changes colour to match your surroundings (Stealth+).
Your rubbery body absorbs attacks. (AC +1, EV +1)
((You are camouflaged when in or above water. (Stealth+)))
You have tentacles for arms and can constrict up to eight enemies at once.


Message History

a +0 dagger; a kobold corpse HP restored.
You pick up a book of Flames and begin reading...
You add the spells Foxfire, Conjure Flame, Inner Flame and Flame Wave to your library.
You now have 64 gold pieces (gained 7).
Things that are here:
a +0 dagger; a kobold corpse You see here a +0 club.
An adder comes into view.
An adder is nearby!
Terence and a rat come into view.
Terence is wielding a +4 vorpal flail.
There are monsters nearby!
The adder hisses angrily.
Okay, then.
You barely miss the adder. Your grab misses the adder.
Your tentacle-slap misses the adder.
The adder closely misses you.
You slash the adder! You grab the adder.
The adder is heavily wounded.
You constrict the adder. The adder bites you. You block the adder's attack.
You hit the adder.
You kill the adder!
Your Stealth skill increases to level 1!
You have reached level 3!
Your experience leads to an increase in your attributes!
Increase (S)trength, (I)ntelligence, or (D)exterity?
You feel clever. x2
You hit the rat.
You kill the rat!
Terence shouts!
Things that are here:
a rat corpse; an adder corpse You hit Terence but do no damage.
Your grab misses Terence. You block Terence's attack.
Terence hits you with a +4 vorpal flail!
You slash Terence! You grab Terence. You squeeze Terence, but do no damage.
Terence is moderately wounded.
You constrict Terence.
Terence hits you with a +4 vorpal flail!
* * * LOW HITPOINT WARNING * * *
You die...

#.....# ####.##.###
#.........#
####.##.#<.#.#
#.......#.##.# #####
##.........##.######....
........##.#.....)).....
#.........#########....
#.....@######### #....
##.##..@........ #.... #
#........... #####
#...........
#...........
.............
##............
..............
###.#....######


You could see Terence.

Vanquished Creatures
  An adder (D:2)
  5 endoplasms (D:1)
  A giant cockroach (D:1)
  3 ball pythons (D:1)
  A frilled lizard (D:1)
  A goblin (D:1)
  4 kobolds
  3 rats
19 creatures vanquished.

Notes
Turn   | Place    | Note
-------+----------+-------------------------------------------
     0 | D:1      | runemasterragnar the Octopode Fighter began the quest for
                  | the Orb.
     0 | D:1      | Reached XP level 1. HP: 16/16 MP: 1/1
   248 | D:1      | Reached XP level 2. HP: 21/21 MP: 2/2
  1171 | D:2      | Noticed Terence
  1180 | D:2      | Reached skill level 1 in Stealth
  1180 | D:2      | Reached XP level 3. HP: 22/26 MP: 3/3
  1183 | D:2      | Slain by Terence

Illustrated notes

Levels and vault maps discovered:
D:1:      lemuel_arrival_behind_the_door_large, layout_basic
D:2:      layout_basic, shapermc_ecumenical_altar_petra, uniq_terence,
          uniq_natasha

Skill      XL: |  1  2 |
---------------+-------+-----
Stealth        | 1 |  1.0
Fighting       | |  3.2
Long Blades    | |  2.6
Dodging        | |  3.1
Shields        | |  3.2
Unarmed Combat | |  0.5

Action                   || total
-------------------------++-------
Melee: Long sword        ||    34
       Constrict         ||     7
       Tentacles         ||     5
 Stab: Sleeping          ||     6
Armor: Skin              ||     2
Dodge: Dodged            ||    11
Block: Buckler           ||     6

Table legend: (Time is in decaauts)
 A = Elapsed time spent in this place.
 B = Non-inter-level travel time spent in this place.
 C = Inter-level travel time spent in this place.
 D = Time resting spent in this place.
 E = Time spent auto-exploring this place.
 F = Levels seen in this place.
 G = Mean time per level.
                   A        B        C        D        E       F      G
               +--------+--------+--------+--------+--------+-----+--------+
         Total |   1194 |   1172 |     22 |      0 |   1029 |   2 |  597.0 |
       Dungeon |   1194 |   1172 |     22 |      0 |   1029 |   2 |  597.0 |
               +--------+--------+--------+--------+--------+-----+--------+

Top non-repeatable levels by time:
     D:1: 1040 daAuts
     D:2: 153 daAuts
